 Dungeon Crawl Stone Soup version 0.21.1-1-g345015f (webtiles) character file.

142 Iko the Ducker (level 5, -21/39 HPs)
             Began as a Merfolk Gladiator on June 9, 2018.
             Was a Follower of Nemelex Xobeh.
             Hit by a large rock thrown by a cyclops (40 damage)
             ... on level 7 of the Dungeon.
             The game lasted 00:08:02 (859 turns).

Iko the Ducker (Merfolk Gladiator)                   Turns: 859, Time: 00:08:05

Health: -21/39     AC: 12    Str: 14    XL:     5   Next: 25%
Magic:  5/5        EV:  5    Int:  8    God:    Nemelex Xobeh [*.....]
Gold:   45         SH:  0    Dex: 16    Spells: 4/4 levels left

rFire    . . .     SeeInvis .   a - +0 quarterstaff
rCold    . . .     Gourm    +   (shield currently unavailable)
rNeg     . . .     Faith    .   e - +0 plate armour
rPois    .         Spirit   .   c - +0 helmet
rElec    .         Reflect  .   (no cloak)
rCorr    .         Harm     .   (no gloves)
MR       .....                  b - +0 pair of boots
Stlth    ..........             g - amulet of the gourmand
HPRegen  0.13/turn              (no ring)
MPRegen  0.09/turn              (no ring)

@: no status effects
A: change form in water, swift swim, stealthy swim
a: Renounce Religion


You were on level 7 of the Dungeon.
You worshipped Nemelex Xobeh.
Nemelex Xobeh was aware of your devotion.
You were not hungry.

You visited 1 branch of the dungeon, and saw 5 of its levels.

You collected 45 gold pieces.

Inventory:

Hand Weapons
 a - a +0 quarterstaff (weapon)
Missiles
 d - a throwing net (quivered)
Armour
 b - a +0 pair of boots (worn)
 c - a +0 helmet (worn)
 e - a +0 plate armour (worn)
Jewellery
 g - an amulet of the gourmand (around neck)
Wands
 i - a wand of disintegration (7)
Scrolls
 j - a scroll of immolation
Miscellaneous
 k - a plain deck of destruction {drawn: 1}
Comestibles
 f - 3 rations


   Skills:
 + Level 2.7 Fighting
 + Level 3.5 Staves
 + Level 2.1 Throwing
 + Level 1.4 Armour
 + Level 4.8 Dodging
 + Level 0.2 Stealth
 + Level 0.5 Invocations


You had 4 spell levels left.
You didn't know any spells.

Dungeon Overview and Level Annotations

Branches:
Dungeon (7/15)
 Temple: D:4-7

Altars:
Ashenzari
Fedhas
Hepliaklqana
Nemelex Xobeh


Message History

The jackal barks!
Aiming: Disintegrate
Press: ? - help, Shift-Dir - straight line, f/p - centaur
Aim: a centaur, wielding a shortbow (heavily wounded, chance to defeat MR: 65%)
The centaur is blasted.
You blow up the centaur!
You have reached level 5!
You feel agile.
There is a stone staircase leading up, spattered with blood here.
A cyclops comes into view.
The cyclops shouts!
Found a chunk of flesh and a scroll labeled QUK JONEMU VASK.
A jackal comes into view.
The jackal barks!
You hit the jackal.
You kill the jackal!
The cyclops throws a large rock.
The large rock hits you!!!
Ouch! That really hurt!
You die...
Your body disappears without a glow.

....% ?.
...##.### .####
......#.. .h..
.........
.##..##........
.C.....%..%.$##
.....)........#
.#####.@.%.....
.......<.......
#####..(.......
##.........
#$.....%..
#..>......
##.....##.
.....## [.....


You could see a cyclops and a jackal.

Vanquished Creatures
  A slave (D:6)
  A centaur (D:7)
  4 adders
  A dart slug (D:1)
  An orc (D:3)
  A bat (D:1)
  A giant cockroach (D:6)
  A goblin (D:1)
  7 hobgoblins
  A jackal (D:7)
  A quokka (D:6)
  A frilled lizard (D:3)
  A jackal zombie (D:6)
  3 kobolds (D:3)
  2 rats (D:3)
27 creatures vanquished.

Notes
Turn   | Place    | Note
-------+----------+-------------------------------------------
     0 | D:1      | Iko the Merfolk Gladiator began the quest for the Orb.
     0 | D:1      | Reached XP level 1. HP: 16/16 MP: 1/1
    31 | D:1      | Reached XP level 2. HP: 21/22 MP: 2/2
    85 | D:2      | Found a sparkling altar of Nemelex Xobeh.
    90 | D:2      | Became a worshipper of Nemelex Xobeh the Trickster
   332 | D:3      | Reached XP level 3. HP: 16/28 MP: 3/3
   407 | D:3      | Received a gift from Nemelex Xobeh
   670 | D:3      | Found a hazy altar of Hepliaklqana.
   672 | D:3      | Found a blossoming altar of Fedhas.
   694 | D:3      | You fall through a shaft for 3 floors!
   707 | D:6      | Found a shattered altar of Ashenzari.
   720 | D:6      | Noticed a slave
   751 | D:6      | Killed a slave
   786 | D:6      | Reached skill level 1 in Armour
   786 | D:6      | Reached XP level 4. HP: 9/34 MP: 4/4
   826 | D:6      | Reached * piety under Nemelex Xobeh
   826 | D:6      | Received a gift from Nemelex Xobeh
   852 | D:7      | Noticed a centaur
   856 | D:7      | Killed a centaur
   856 | D:7      | Reached XP level 5. HP: 19/39 MP: 5/5
   858 | D:7      | Noticed a cyclops
   859 | D:7      | Hit by a large rock thrown by a cyclops

Skill      XL: |  1  2  3 |
---------------+----------+-----
Staves         | 3 |  3.5
Armour         | 1 |  1.4
Fighting       | |  2.7
Throwing       | |  2.1
Dodging        | |  4.8
Stealth        | |  0.2
Invocations    | |  0.5

Action                   |  1- 3 |  4- 6 || total
-------------------------+-------+-------++-------
Melee: Quarterstaff      |   104 |     1 ||   105
Throw: Throwing net      |     2 |       ||     2
Evoke: Deck              |     2 |     9 ||    11
       Wand              |       |     1 ||     1
  Use: Scroll            |     2 |       ||     2
 Stab: Held in net/web   |     1 |       ||     1
Armor: Leather armour    |     5 |       ||     5
       Plate armour      |    60 |     1 ||    61
Dodge: Dodged            |    43 |       ||    43
